 Dungeon Crawl Stone Soup version 0.29-a0-362-g5854e031c7 (webtiles) character file.

Game seed: 10495365512391427665

361 klau3 the Slasher (level 6, -5/56 HPs)
             Began as a Minotaur Berserker on Apr 29, 2022.
             Was a Believer of Trog.
             Slain by an orc
             ... wielding a +0 flail
              (6 damage)
             ... on level 4 of the Dungeon.
             The game lasted 00:12:34 (3808 turns).

klau3 the Slasher (Minotaur Berserker)              Turns: 3808, Time: 00:12:35

Health: -5/56      AC:  6    Str: 24    XL:     6   Next: 38%
Magic:  5/5        EV: 11    Int:  4    God:    Trog [**....]
Gold:   132        SH:  0    Dex:  9    Spells: 5/5 levels left

rFire   . . .      SeeInvis +   a - +1 falchion
rCold   . . .      Faith    .   (no shield)
rNeg    . . .      Spirit   .   f - +0 ring mail
rPois   .          Reflect  .   (helmet restricted)
rElec   .          Harm     .   (no cloak)
rCorr   .          Rampage  .   (no gloves)
Will    .....                   (no boots)
Stlth   ..........              (no amulet)
HPRegen 0.18/turn               l - ring of see invisible
MPRegen 0.09/turn               (no ring)

@: no status effects
A: horns 2, retaliatory headbutt
a: Renounce Religion, Berserk, Trog's Hand


You were on level 4 of the Dungeon.
You worshipped Trog.
Trog was pleased with you.
You visited 1 branch of the dungeon, and saw 4 of its levels.

You collected 601 gold pieces.
You spent 469 gold pieces at shops.

Inventory:

Hand Weapons
 a - a +1 falchion (weapon)
Armour
 b - a +0 animal skin
 f - a +0 ring mail (worn)
Jewellery
 l - a ring of see invisible (left hand)
Wands
 c - a wand of polymorph (2)
 n - a wand of charming (12)
Scrolls
 d - a scroll of noise {unknown}
 e - 2 scrolls of holy word
 i - 2 scrolls of amnesia
 k - 2 scrolls of teleportation
 m - 2 scrolls of enchant weapon
 o - 2 scrolls of vulnerability
Potions
 g - 2 potions of curing
 h - 2 potions of lignification
 j - a potion of haste
 p - a potion of attraction


   Skills:
 + Level 5.3 Fighting
 + Level 5.5 Long Blades
 + Level 4.8 Armour
 + Level 3.5 Dodging
 + Level 0.2 Stealth


You had 5 spell levels left.
You didn't know any spells.
Your spell library contained the following spells:

 Spells                   Type           Power      Damage    Failure   Level
 Ignite Poison            Fire/Tmut/Pois 0%         N/A       95%         3
 Mephitic Cloud           Conj/Pois/Air  0%         N/A       95%         3
 Freezing Cloud           Conj/Ice/Air   0%         6-21      100%        5
 Dispersal                Tloc           0%         N/A       100%        6
 Disjunction              Tloc           0%         N/A       100%        8


Dungeon Overview and Level Annotations

Branches:
Dungeon (4/15)
 Temple: D:4-7

Altars:

Shops:
D:3 **?=


Innate Abilities, Weirdness & Mutations

You have a pair of horns on your head.
You reflexively headbutt those who attack you in melee.


Message History

You closely miss the orc priest. You headbutt the orc priest!
The orc priest is heavily wounded.
The orc priest mumbles some strange prayers to Beogh against you.
Pain shoots through your body! The orc hits you with a +0 flail.
* * * LOW HITPOINT WARNING * * *
You hit the orc priest. Your headbutt misses the orc priest.
The orc priest is severely wounded.
The orc priest hits you but does no damage.
The orc completely misses you. You furiously retaliate!
You headbutt the orc. You hit the orc priest. You headbutt the orc priest.
The orc priest is almost dead.
The orc priest hits you with a +0 club.
* * * LOW HITPOINT WARNING * * *
The orc hits you with a +0 flail.
* * * LOW HITPOINT WARNING * * *
You closely miss the orc priest. Your headbutt misses the orc priest.
The orc priest is almost dead.
The orc priest calls upon Beogh to heal the orc.
The orc's wounds heal themselves!
The orc hits you with a +0 flail.
* * * LOW HITPOINT WARNING * * *
You hit the orc priest but do no damage.
You headbutt the orc priest, but do no damage.
The orc priest is almost dead.
The orc priest mumbles some strange prayers to Beogh against you.
Beogh smites you!
* * * LOW HITPOINT WARNING * * *
The orc barely misses you. You furiously retaliate!
You headbutt the orc. You hit the orc priest.
You kill the orc priest!
Trog accepts your kill. The orc barely misses you. The orc closely misses you.
Items here: )))) [ †††.
You hit the orc.
The orc is severely wounded.
The orc closely misses you.
You hit the orc.
The orc is almost dead.
The orc hits you with a +0 flail.
You die...

# ## ## ## ##.
##...####......
....#.........#...
....#^........##.#
...............#.#
.......#.........#
.......#..###....###
......o@..##.....#.#
.#...##............##
#. .##.............#
#..................##
...#...##...........#
. #...........#....#
.............#....#
..........)........#
##......#..#.....#..#


You could see an orc.

Vanquished Creatures
  An ice beast (D:3)
  An orc priest (D:4)
  Jessica (D:3)
  Natasha (D:3)
  An orc wizard (D:4)
  3 gnolls (D:3)
  8 adders
  2 worms
  A dart slug (D:1)
  3 orcs
  A bat (D:3)
  4 endoplasms
  A giant cockroach (D:1)
  8 goblins
  A hobgoblin (D:3)
  3 quokkas (D:1)
  9 ball pythons
  2 frilled lizards
  5 kobolds
  5 rats
61 creatures vanquished.

Vanquished Creatures (collateral kills)
  A kobold (D:3)
1 creature vanquished.

Grand Total: 62 creatures vanquished

Notes
Turn   | Place    | Note
-------+----------+-------------------------------------------
     0 | D:1      | klau3 the Minotaur Berserker began the quest for the Orb.
     0 | D:1      | Reached XP level 1. HP: 19/19 MP: 0/0
   148 | D:1      | Found a faded altar of an unknown god.
   298 | D:1      | Reached XP level 2. HP: 27/27 MP: 1/1
  1134 | D:2      | Reached XP level 3. HP: 34/34 MP: 2/2
  1583 | D:2      | Reached ** piety under Trog
  1873 | D:3      | Reached XP level 4. HP: 22/41 MP: 3/3
  2122 | D:3      | Found Nenike's Jewellery Shoppe.
  2321 | D:3      | Found Giakaitz's General Store.
  2322 | D:3      | Noticed Jessica
  2342 | D:3      | Killed Jessica
  2571 | D:3      | Found Teruumigg's Magic Scroll Shop.
  2627 | D:3      | Identified a scroll of acquirement
  2627 | D:3      | Acquired 382 gold pieces
  2775 | D:3      | Bought a ring of see invisible for 195 gold pieces
  2832 | D:3      | Noticed Natasha
  2845 | D:3      | Killed Natasha
  2846 | D:3      | Reached skill level 5 in Fighting
  2846 | D:3      | Reached XP level 5. HP: 44/48 MP: 4/4
  2863 | D:3      | Bought a scroll of identify for 24 gold pieces
  2863 | D:3      | Bought a scroll of identify for 24 gold pieces
  2863 | D:3      | Bought a scroll of identify for 24 gold pieces
  2864 | D:3      | Bought a scroll of enchant weapon for 90 gold pieces
  2864 | D:3      | Bought a scroll of enchant weapon for 90 gold pieces
  2972 | D:3      | Found Zinec's General Store.
  2977 | D:3      | Bought a scroll of identify for 22 gold pieces
  3116 | D:3      | Noticed an ice beast
  3127 | D:3      | Killed an ice beast
  3128 | D:3      | Reached skill level 5 in Long Blades
  3235 | D:3      | Reached XP level 6. HP: 40/56 MP: 5/5
  3804 | D:4      | HP: 1/56 [orc priest/divine providence (8)]
  3808 | D:4      | Slain by an orc

Illustrated notes

Levels and vault maps discovered:
D:1:      minmay_arrival_arboretum_large, layout_basic, serial_curves,
          eino_curves_01, eino_curves_04, eino_curves_02, eino_curves_02,
          hellmonk_ecumenical_altar_lost_god
D:2:      layout_rooms, hangedman_glass_teeth
D:3:      layout_loops_ring, serial_shops, nicolae_shop_behind_doors,
          nicolae_diamond_shop, nicolae_shop_hallway_plus, shop, fountainhead,
          uniq_jessica, uniq_natasha
D:4:      layout_cave_pools, mainiacjoe_overflow_brackets,
          minmay_temple_entry_butterflies, serial_column_ruins,
          column_ruins_columns_straight, column_ruins_open_small,
          column_ruins_grid_1

Skill      XL: |  1  2  3  4  5 |
---------------+----------------+-----
Fighting       | 4 5 |  5.3
Long Blades    | 4 5 |  5.5
Armour         | 3 4 |  4.8
Dodging        | 3 |  3.5
Stealth        | |  0.2

Action                   |  1- 3 |  4- 6 || total
-------------------------+-------+-------++-------
Melee: Falchion          |    80 |   106 ||   186
       Headbutt          |     9 |    26 ||    35
  Use: Scroll            |       |    12 ||    12
Armor: Ring mail         |    32 |    32 ||    64
Dodge: Dodged            |    55 |    56 ||   111

Table legend: (Time is in decaauts)
 A = Elapsed time spent in this place.
 B = Non-inter-level travel time spent in this place.
 C = Inter-level travel time spent in this place.
 D = Time resting spent in this place.
 E = Time spent auto-exploring this place.
 F = Levels seen in this place.
 G = Mean time per level.
                   A        B        C        D        E       F      G
               +--------+--------+--------+--------+--------+-----+--------+
         Total |   3827 |   3789 |     38 |    492 |   2083 |   4 |  956.8 |
       Dungeon |   3827 |   3789 |     38 |    492 |   2083 |   4 |  956.8 |
               +--------+--------+--------+--------+--------+-----+--------+

Top non-repeatable levels by time:
     D:3: 1871 daAuts
     D:1: 1127 daAuts
     D:2: 687 daAuts
     D:4: 140 daAuts
